 Dungeon Crawl Stone Soup version 0.27-a0-1196-g3e9cee4cb2 (webtiles) character file.

Game seed: 2443926162353357254

8 Azzok the Chopper (level 2, 18/24 HPs)
             Began as a Demonspawn Berserker on May 29, 2021.
             Was a Follower of Trog.
             Quit the game on level 1 of the Dungeon.
             The game lasted 00:00:19 (117 turns).

Azzok the Chopper (Demonspawn Berserker)             Turns: 117, Time: 00:00:20

Health: 18/24      AC:  2    Str: 17    XL:     2   Next: 0%
Magic:  2/2        EV: 12    Int:  8    God:    Trog [*.....]
Gold:   0          SH:  0    Dex: 12    Spells: 1/1 levels left

rFire    . . .     SeeInvis .   c - +2 dagger (venom)
rCold    . . .     Faith    .   (no shield)
rNeg     . . .     Spirit   .   b - +0 animal skin
rPois    .         Reflect  .   (no helmet)
rElec    .         Harm     .   (no cloak)
rCorr    .         Rampage  .   (no gloves)
Will     .....                  (no boots)
Stlth    +.........             (no amulet)
HPRegen  0.08/turn              (no ring)
MPRegen  0.08/turn              (no ring)

@: no status effects
A: demonic magic 1
a: Renounce Religion, Berserk


You were on level 1 of the Dungeon.
You worshipped Trog.
Trog was aware of your devotion.
You visited 1 branch of the dungeon, and saw 1 of its levels.

Inventory:

Hand Weapons
 a - a +0 hand axe
 c - a +2 dagger of venom (weapon)
Armour
 b - a +0 animal skin (worn)
Scrolls
 d - a scroll of teleportation {unknown}


   Skills:
 - Level 3.0 Fighting
 + Level 3.2 Axes
 - Level 1.7 Armour
 - Level 1.7 Dodging


You had one spell level left.
You didn't know any spells.
Your spell library was empty.

Dungeon Overview and Level Annotations

Branches:
Dungeon (1/15)

Altars:


Innate Abilities, Weirdness & Mutations

Spells you cast may paralyse adjacent enemies.


Message History

You hit the goblin.
You kill the goblin!
Trog accepts your kill. The bat barely misses you.
You hit the jackal.
The jackal is poisoned.
The jackal is moderately wounded.
The bat barely misses you.
The jackal bites you but does no damage.
You barely miss the jackal.
The jackal is severely wounded.
You kill the jackal!
Trog accepts your kill. The bat hits you but does no damage.
The bat misses you.
You closely miss the jackal. The bat hits you but does no damage.
The bat hits you. The jackal barely misses you.
You hit the jackal.
The jackal is almost dead.
The bat barely misses you. The jackal bites you.
The jackal bites you but does no damage.
You hit the jackal but do no damage.
The jackal is poisoned.
The jackal is almost dead.
The bat hits you but does no damage.
A rat comes into view.
The jackal closely misses you.
You hit the jackal.
You kill the jackal!
Trog accepts your kill. The bat hits you but does no damage.
You have reached level 2!
Your demonic ancestry asserts itself...
A menacing aura infuses your magic.
Are you sure you want to abandon this character and quit the game? (Confirm with "yes".)
Okay, then.
There's something in the way.
You swing at nothing.
The bat hits you but does no damage.
Unknown command.
The bat barely misses you.
Unknown command.
Unknown command.
Are you sure you want to abandon this character and quit the game? (Confirm with "yes".)

▒†·▒ ▒·▒·▒ ▒··▒ ▒·▒·▒
▒▒▒▒▒▒··▒▒▒▒ ▒·▒·▒
▒··········· ▒r▒·▒
▒·▒▒▒▒·▒▒▒▒· ▒·▒·▒ ▒·▒
▒·▒ ▒▒ ▒·▒·▒ ▒·▒ ▒·▒ ▒
▒▒▒b▒·▒▒▒?▒▒▒▒·▒ ▒
▒··@·)·········▒
········▒▒▒▒▒▒▒▒▒▒▒▒▒▒▒▒
▒▒▒▒▒·▒▒▒ ▒··· ▒· ▒·▒▒ ▒
▒·▒· ▒·▒· ▒··· ▒··· ▒▒▒▒


You could see a bat and a rat.

Vanquished Creatures
  A dart slug (D:1)
  2 goblins (D:1)
  2 jackals (D:1)
  A rat (D:1)
6 creatures vanquished.

Notes
Turn   | Place    | Note
-------+----------+-------------------------------------------
     0 | D:1      | Azzok the Demonspawn Berserker began the quest for the Orb.
     0 | D:1      | Reached XP level 1. HP: 18/18 MP: 1/1
   115 | D:1      | Gained mutation: Spells you cast may paralyse adjacent
                  | enemies. [demonic ancestry]
   115 | D:1      | Reached XP level 2. HP: 18/24 MP: 2/2
   117 | D:1      | Quit the game

Illustrated notes

Levels and vault maps discovered:
D:1:      dpeg_arrival_court, layout_loops_ring, hangedman_decor_growths

Skill      XL: |  1 |
---------------+----+-----
Axes           | 3 |  3.2
Fighting       | |  3.0
Armour         | |  1.7
Dodging        | |  1.7

Action                   || total
-------------------------++-------
Melee: Dagger            ||    13
Armor: Animal skin       ||     7
Dodge: Dodged            ||    10

Table legend: (Time is in decaauts)
 A = Elapsed time spent in this place.
 B = Non-inter-level travel time spent in this place.
 C = Inter-level travel time spent in this place.
 D = Time resting spent in this place.
 E = Time spent auto-exploring this place.
 F = Levels seen in this place.
 G = Mean time per level.
                   A        B        C        D        E       F      G
               +--------+--------+--------+--------+--------+-----+--------+
         Total |    115 |    115 |      0 |      0 |     78 |   1 |  115.0 |
       Dungeon |    115 |    115 |      0 |      0 |     78 |   1 |  115.0 |
               +--------+--------+--------+--------+--------+-----+--------+

Top non-repeatable levels by time:
     D:1: 115 daAuts
